 Dungeon Crawl Stone Soup version 0.29.1-1-gd02db6906a (webtiles) character file.

Game seed: 18165370814093982251

79 MisterFreud the Transmogrifier (level 4, -1/32 HPs)
             Began as a Gnoll Wanderer on Sept 21, 2022.
             Was a Follower of the Shining One.
             Slain by an orc
             ... wielding a +2 dagger of protection
              (2 damage)
             ... on level 4 of the Dungeon.
             The game lasted 00:02:58 (3126 turns).

MisterFreud the Transmogrifier (Gnoll Wanderer)     Turns: 3126, Time: 00:02:58

Health: -1/32      AC:  6    Str: 19    XL:     4   Next: 37%
Magic:  8/8        EV: 10    Int: 14    God:    the Shining One [*.....]
Gold:   89         SH:  0    Dex:  9    Spells: 8/9 levels left

rFire   . . .      SeeInvis .   m - +0 dagger (speed)
rCold   . . .      Faith    .   (no shield)
rNeg    . . .      Spirit   .   b - +0 ring mail
rPois   .          Reflect  .   (helmet unavailable)
rElec   .          Harm     .   (no cloak)
rCorr   .          Rampage  .   (no gloves)
Will    .....                   (boots currently unavailable)
Stlth   +.........              (no amulet)
HPRegen 0.10/turn               t - +6 ring of strength
MPRegen 0.11/turn               (no ring)

@: appendages, attractive, flying, glowing
A: horns 3, talons 2, fangs 1, strong nose, distributed training, inability to
drink after injury 1, inability to read after injury 1, devolution 1
a: End Transformation, Renounce Religion, Divine Shield


You were on level 4 of the Dungeon.
You worshipped the Shining One.
The Shining One was aware of your devotion.
You had temporarily grown beastly horns and talons.
You visited 1 branch of the dungeon, and saw 4 of its levels.

You collected 89 gold pieces.

Inventory:

Hand Weapons
 a - a +0 club
 m - a +0 dagger of speed (weapon)
Missiles
 l - 2 atropa-tipped darts (quivered)
 p - 4 boomerangs
 u - 4 poisoned darts
Armour
 b - a +0 ring mail (worn)
Jewellery
 t - a +6 ring of strength (left hand)
Scrolls
 f - 4 scrolls of teleportation {unknown}
 i - 3 scrolls of identify {unknown}
 j - 2 scrolls of enchant weapon {unknown}
 k - 3 scrolls of magic mapping {unknown}
 o - a scroll of silence {unknown}
 q - a scroll of poison {unknown}
 r - a scroll of immolation {unknown}
Potions
 c - a potion of might
 d - 2 potions of lignification
 g - a potion of mutation
 h - a potion of degeneration {unknown}
 n - a potion of berserk rage {unknown}


   Skills:
 + Level 1.2 Fighting
 + Level 1.2 Short Blades
 + Level 1.2 Long Blades
 + Level 1.2 Axes
 + Level 1.2 Maces & Flails
 + Level 1.2 Polearms
 + Level 1.2 Staves
 + Level 1.2 Ranged Weapons
 + Level 1.2 Throwing
 + Level 6.6 Armour
 + Level 1.2 Dodging
 + Level 1.2 Stealth
 + Level 1.2 Shields
 + Level 1.2 Unarmed Combat
 + Level 3.0 Spellcasting
 + Level 1.0 Conjurations
 + Level 1.0 Hexes
 + Level 1.0 Summonings
 + Level 1.0 Necromancy
 + Level 1.0 Translocations
 + Level 8.8 Transmutations
 + Level 1.0 Fire Magic
 + Level 1.0 Ice Magic
 + Level 1.0 Air Magic
 + Level 1.0 Earth Magic
 + Level 1.0 Poison Magic
 + Level 1.3 Invocations
 + Level 2.8 Evocations


You had 8 spell levels left.
You knew the following spells:

 Your Spells              Type           Power      Damage    Failure   Level
a - Beastly Appendage     Tmut           52%        N/A       1%          1

Your spell library contained the following spells:

 Spells                   Type           Power      Damage    Failure   Level
 Sting                    Tmut/Pois      60%        1d6       4%          1
 Ice Form                 Ice/Tmut       15%        N/A       41%         4


Dungeon Overview and Level Annotations

Branches:
Dungeon (4/15)
 Temple: D:4-7

Altars:
Cheibriados
Dithmenos
Hepliaklqana
Ru
Vehumet
Xom
The Shining One


Innate Abilities, Weirdness & Mutations

You have temporarily grown beastly horns and talons.
You have very sharp teeth.
Your uncanny sense of smell can sniff out nearby items.
Your experience applies equally to all skills.
You occasionally lose the ability to drink potions when taking damage.
You occasionally lose the ability to read scrolls when taking damage.
You have hidden genetic defects.


Message History

You bite the orc, but do no damage.
The orc is moderately wounded.
The orc barely misses you.
You hit the orc but do no damage. You claw the orc.
The orc is severely wounded.
You hit the orc but do no damage. You claw the orc, but do no damage.
The orc is severely wounded.
The orc hits you with a +2 dagger of protection.
* * * LOW HITPOINT WARNING * * *
You hit the orc but do no damage. You claw the orc, but do no damage.
The orc is severely wounded.
You hit the orc but do no damage. You claw the orc, but do no damage.
The orc is severely wounded.
The orc closely misses you.
You hit the orc but do no damage. Your bite misses the orc.
The orc is severely wounded.
The orc hits you with a +2 dagger of protection.
* * * LOW HITPOINT WARNING * * *
You hit the orc but do no damage.
The orc is severely wounded.
You hit the orc but do no damage. You claw the orc, but do no damage.
You bite the orc, but do no damage.
The orc is severely wounded.
The orc barely misses you.
It was a potion of mutation.
You feel extremely strange.
You occasionally lose the ability to drink potions when taking damage.
You occasionally lose the ability to read scrolls when taking damage.
You feel a hidden malignance growing inside you.
The horns on your head grow some more. The orc barely misses you.
Unknown command.
It was a potion of attraction.
You feel attractive to monsters.
The orc hits you with a +2 dagger of protection.
* * * LOW HITPOINT WARNING * * *
It was a potion of flight.
You feel very buoyant.
You fly up into the air.
The orc hits you with a +2 dagger of protection.
You die...

#.......#.#.######.#
#.......#..........#
.
#.......###.########
.. #####.......# ...
##..##### .... #.##
.....##### ##.#
.........###..#
........oro@.##
..$..######### ..#+


You could see 2 orcs and a quokka.

Vanquished Creatures
  An orc wizard (D:4)
  An adder (D:3)
  A worm (D:2)
  A dart slug (D:1)
  An orc (D:4)
  An endoplasm (D:1)
  2 giant cockroaches
  4 goblins
  6 hobgoblins
  3 jackals (D:1)
  6 ball pythons
  A bat (D:3)
  A frilled lizard (D:2)
  2 kobolds (D:3)
  4 rats
35 creatures vanquished.

Notes
Turn   | Place    | Note
-------+----------+-------------------------------------------
     0 | D:1      | MisterFreud the Gnoll Wanderer began the quest for the Orb.
     0 | D:1      | MisterFreud set off with the following items: a +0 club, a
                  | +0 ring mail, a potion of might, a potion of lignification;
                  | and the following spells available to memorise: Beastly
                  | Appendage, Sting, Ice Form.
     0 | D:1      | Reached XP level 1. HP: 13/13 MP: 4/4
   481 | D:1      | Reached XP level 2. HP: 19/19 MP: 5/5
   780 | D:1      | Learned a level 1 spell: Beastly Appendage
  1628 | D:2      | Found a faded altar of an unknown god.
  1674 | D:2      | Reached XP level 3. HP: 14/25 MP: 5/7
  1686 | D:2      | Prayed at the altar of an unknown god.
  1686 | D:2      | Became a worshipper of the Shining One
  1686 | D:2      | Reached * piety under the Shining One
  2218 | D:3      | Reached skill level 1 in Invocations
  2601 | D:3      | Found a sacrificial altar of Ru.
  2602 | D:3      | Found a hazy altar of Hepliaklqana.
  2618 | D:3      | Found a snail-covered altar of Cheibriados.
  2621 | D:3      | Found a shadowy altar of Dithmenos.
  2621 | D:3      | Found a radiant altar of Vehumet.
  2627 | D:3      | Reached skill level 1 in Fighting
  2627 | D:3      | Reached skill level 1 in Short Blades
  2627 | D:3      | Reached skill level 1 in Long Blades
  2627 | D:3      | Reached skill level 1 in Axes
  2627 | D:3      | Reached skill level 1 in Maces & Flails
  2627 | D:3      | Reached skill level 1 in Polearms
  2627 | D:3      | Reached skill level 1 in Staves
  2627 | D:3      | Reached skill level 1 in Ranged Weapons
  2627 | D:3      | Reached skill level 1 in Throwing
  2627 | D:3      | Reached skill level 1 in Dodging
  2627 | D:3      | Reached skill level 1 in Stealth
  2627 | D:3      | Reached skill level 1 in Shields
  2627 | D:3      | Reached skill level 1 in Unarmed Combat
  2638 | D:3      | Found a shimmering altar of Xom.
  2641 | D:3      | Found a glowing golden altar of the Shining One.
  3105 | D:4      | Reached skill level 1 in Conjurations
  3105 | D:4      | Reached skill level 1 in Hexes
  3105 | D:4      | Reached skill level 1 in Summonings
  3105 | D:4      | Reached skill level 1 in Necromancy
  3105 | D:4      | Reached skill level 1 in Translocations
  3105 | D:4      | Reached skill level 1 in Fire Magic
  3105 | D:4      | Reached skill level 1 in Ice Magic
  3105 | D:4      | Reached skill level 1 in Air Magic
  3105 | D:4      | Reached skill level 1 in Earth Magic
  3105 | D:4      | Reached skill level 1 in Poison Magic
  3105 | D:4      | Reached XP level 4. HP: 14/32 MP: 8/8
  3124 | D:4      | Gained mutation: You occasionally lose the ability to drink
                  | potions when taking damage. [potion of mutation]
  3124 | D:4      | Gained mutation: You occasionally lose the ability to read
                  | scrolls when taking damage. [potion of mutation]
  3124 | D:4      | Gained mutation: You have hidden genetic defects. [potion
                  | of mutation]
  3124 | D:4      | Gained mutation: You have a pair of large horns on your
                  | head. [potion of mutation]
  3125 | D:4      | HP: 1/32 [orc/+2 dagger of protection (4)]
  3126 | D:4      | Slain by an orc

Illustrated notes

Levels and vault maps discovered:
D:1:      dpeg_arrival_round_b, layout_basic
D:2:      layout_loops_corners, basic_ecumenical_altar,
          kennysheep_generic_room_3
D:3:      layout_basic, nicolae_overflow_hallway_of_the_gods
D:4:      layout_basic, hangedman_decor_slide_cut, grunt_decor_arrowhead,
          uniq_eustachio, uniq_pargi

Skill      XL: |  1  2  3 |
---------------+----------+-----
Invocations    | 1 |  1.3
Fighting       | 1 |  1.2
Short Blades   | 1 |  1.2
Long Blades    | 1 |  1.2
Axes           | 1 |  1.2
Maces & Flails | 1 |  1.2
Polearms       | 1 |  1.2
Staves         | 1 |  1.2
Ranged Weapons | 1 |  1.2
Throwing       | 1 |  1.2
Dodging        | 1 |  1.2
Stealth        | 1 |  1.2
Shields        | 1 |  1.2
Unarmed Combat | 1 |  1.2
Spellcasting   | 3 |  3.0
Conjurations   | 1 |  1.0
Hexes          | 1 |  1.0
Summonings     | 1 |  1.0
Necromancy     | 1 |  1.0
Translocations | 1 |  1.0
Fire Magic     | 1 |  1.0
Ice Magic      | 1 |  1.0
Air Magic      | 1 |  1.0
Earth Magic    | 1 |  1.0
Poison Magic   | 1 |  1.0
Armour         | |  6.6
Transmutations | |  8.8
Evocations     | |  2.8

Action                   |  1- 3 |  4- 6 || total
-------------------------+-------+-------++-------
Melee: Club              |    58 |       ||    58
       Bite              |    16 |     3 ||    19
       Dagger            |    79 |    18 ||    97
       Kick              |    14 |     9 ||    23
       Headbutt          |    13 |     3 ||    16
       Punch             |     1 |       ||     1
 Cast: Beastly Appendage |    16 |       ||    16
  Use: Potion            |       |     3 ||     3
Armor: Ring mail         |    49 |     1 ||    50
Dodge: Dodged            |    66 |     6 ||    72
